 Dungeon Crawl Stone Soup version 0.31.0-4-g52a2dc7128 (webtiles) character file.

Game seed: 198633514065305689

149 MisterFreud the Conjurer (level 5, -2/35 HPs)
             Began as a Demonspawn Conjurer on Jan 22, 2024.
             Slain by an orc
             ... wielding a +0 club
              (4 damage)
             ... on level 3 of the Dungeon.
             The game lasted 00:05:13 (2479 turns).

MisterFreud the Conjurer (Demonspawn Conjurer)      Turns: 2479, Time: 00:05:13

Health: -2/35      AC:  2    Str:  7    XL:     5   Next: 9%
Magic:  8/8        EV: 12    Int: 21    God:
Gold:   101        SH:  4    Dex: 11    Spells: 5/8 levels left

rFire   . . .        i - +0 dagger
rCold   . . .        (no shield)
rNeg    . . .        a - +0 robe
rPois   .            (no helmet)
rElec   .            (no cloak)
rCorr   .            (no gloves)
SInv    .            (no boots)
Will    .....        (no amulet)
Stlth   ++           (no ring)
HPRegen 0.25/turn    (no ring)
MPRegen 0.11/turn

%: no passive effects
@: no status effects
A: condensation shield, demonic magic 2
a: no special abilities


You were on level 3 of the Dungeon.
You visited 1 branch of the dungeon, and saw 3 of its levels.

You collected 101 gold pieces.

Inventory:

Hand Weapons
 i - a +0 dagger (weapon)
Missiles
 g - 5 javelins
 h - 13 poisoned darts
Armour
 a - a +0 robe (worn)
Wands
 k - a wand of digging (4)
 o - a wand of flame (15)
Scrolls
 e - a scroll of immolation
 m - a scroll of vulnerability {unknown}
 n - a scroll of identify {unknown}
 p - a scroll of teleportation {unknown}
Potions
 b - a potion of magic
 c - a potion of mutation {unknown}
 d - a potion of resistance {unknown}
 f - a potion of heal wounds {unknown}
 j - a potion of attraction {unknown}
 l - a potion of haste {unknown}


   Skills:
 - Level 1.7 Dodging
 - Level 1.7 Stealth
 + Level 2.4 Spellcasting
 + Level 6.2 Conjurations


You had 5 spell levels left.
You knew the following spells:

 Your Spells              Type           Power      Damage    Failure   Level
a - Magic Dart            Conj           100%       1d8       1%          1
b - Searing Ray           Conj           56%        2d6       1%          2

Your spell library contained the following spells:

 Spells                   Type           Power      Damage    Failure   Level
 Fulminant Prism          Conj/Alch      7%         3d7       36%         4
 Iskenderun's Mystic Bla  Conj/Tloc      15%        2d5       36%         4
 Fugue of the Fallen      Necr           2%         N/A       38%         3
 Ozocubu's Armour         Ice            2%         N/A       38%         3
 Manifold Assault         Tloc           2%         N/A       80%         4


Dungeon Overview and Level Annotations

Branches:
Dungeon (3/15)

Altars:


Innate Abilities, Weirdness & Mutations

A meltable shield of frost defends you. (SH +4)
Spells you cast may paralyse nearby enemies.


Message History

The orc hits you with a +0 club. The orc hits you with a +0 club.
The orc hits you with a +0 club. The orc hits you with a +0 club.
The orc misses you. The orc barely misses you. The orc barely misses you.
You block the orc's attack. The orc misses you. You block the orc's attack.
The orc hits you with a +0 club.
* * * LOW HITPOINT WARNING * * *
The orc barely misses you. The orc hits you but does no damage.
The orc hits you but does no damage. The orc closely misses you.
The orc hits you with a +0 club.
* * * LOW HITPOINT WARNING * * *
The orc hits you with a +0 club.
* * * LOW HITPOINT WARNING * * *
You block the orc's attack. The orc hits you but does no damage.
You block the orc's attack. You block the orc's attack.
The orc barely misses you. The orc barely misses you.
The orc completely misses you. You block the orc's attack.
The orc hits you with a +0 club.
* * * LOW HITPOINT WARNING * * *
You block the orc's attack. The orc misses you.
The orc hits you but does no damage. The orc hits you but does no damage.
The orc hits you with a +0 club.
* * * LOW HITPOINT WARNING * * *
The orc hits you with a +0 club.
* * * LOW HITPOINT WARNING * * *
The orc hits you with a +0 club.
You die...

..<.###..# #.# #
# .........###.#
#
......##[....#.#
#
.....###.....#.#
##
...............#
..
....####.....#)#
.. # #.....#.#
.. ###.###.# ..
#.o@!..# ..
#..##### ..
.....# ..
#####.# .> #.#
.. #.# ## #.# #.


You could see an orc.

Vanquished Creatures
  A scorpion (D:3)
  3 adders
  A ribbon worm (D:2)
  3 dart slugs
  An orc (D:3)
  4 ball pythons
  4 bats (D:2)
  7 endoplasms
  A giant cockroach (D:1)
  4 goblins
  3 hobgoblins
  4 jackals
  A quokka (D:2)
  2 frilled lizards
  3 kobolds
  7 rats
49 creatures vanquished.

Notes
Turn   | Place    | Note
-------+----------+-------------------------------------------
     0 | D:1      | MisterFreud the Demonspawn Conjurer began the quest for the
                  | Orb.
     0 | D:1      | Reached XP level 1. HP: 13/13 MP: 3/3
   161 | D:1      | Gained mutation: Spells you cast may paralyse adjacent
                  | enemies. [demonic ancestry]
   161 | D:1      | Reached XP level 2. HP: 19/19 MP: 1/5
  1072 | D:2      | Reached skill level 5 in Conjurations
  1072 | D:2      | Reached XP level 3. HP: 24/24 MP: 2/6
  1133 | D:2      | Learned a level 2 spell: Searing Ray
  1487 | D:2      | Found a faded altar of an unknown god.
  1966 | D:3      | Gained mutation: Spells you cast may paralyse nearby
                  | enemies. [demonic ancestry]
  1966 | D:3      | Reached XP level 4. HP: 30/30 MP: 3/7
  2282 | D:3      | Noticed a scorpion
  2289 | D:3      | Killed a scorpion
  2290 | D:3      | Reached skill level 6 in Conjurations
  2290 | D:3      | Gained mutation: A meltable shield of frost defends you.
                  | (SH +4) [demonic ancestry]
  2290 | D:3      | Reached XP level 5. HP: 35/35 MP: 5/8
  2479 | D:3      | Slain by an orc

Illustrated notes

Levels and vault maps discovered:
D:1:      onia_arrival_handbag, layout_rooms
D:2:      wander_river, layout_basic, hellmonk_ecumenical_altar_crossroads
D:3:      layout_loops_ring

Skill      XL: |  1  2  3  4 |
---------------+-------------+-----
Conjurations   | 5 6 |  6.2
Dodging        | |  1.7
Stealth        | |  1.7
Spellcasting   | |  2.4

Action                     |  1- 3 |  4- 6 || total
---------------------------+-------+-------++-------
  Melee: Unarmed           |    17 |       ||    17
         Dagger            |     5 |     9 ||    14
   Cast: Magic Dart        |    72 |    22 ||    94
    Use: Scroll            |     2 |       ||     2
   Stab: Paralysed         |     3 |     5 ||     8
         Sleeping          |     1 |       ||     1
 Armour: Robe              |    20 |    23 ||    43
  Dodge: Dodged            |    19 |    17 ||    36
  Block: Other             |       |     9 ||     9
